 Dungeon Crawl Stone Soup version 0.26.1-10-gdfb7c7de75 (webtiles) character file.

Game seed: 4212982552394616719

320 Chiseanne the Magician (level 6, 31/41 HPs)
             Began as a Demonspawn Hedge Wizard on Apr 3, 2021.
             Quit the game on level 4 of the Dungeon.
             The game lasted 00:06:03 (4443 turns).

Chiseanne the Magician (Demonspawn Hedge Wizard)    Turns: 4443, Time: 00:06:03

Health: 31/41      AC:  7    Str: 10    XL:     6   Next: 22%
Magic:  12/13      EV: 12    Int: 18    God:
Gold:   142        SH:  0    Dex: 12    Spells: 8/14 levels left

rFire    . . .     SeeInvis .   a - +3 dagger (venom)
rCold    . . .     Faith    .   (no shield)
rNeg     . . .     Spirit   .   b - +0 robe
rPois    .         Reflect  .   c - +0 hat
rElec    .         Harm     .   (no cloak)
rCorr    .         Rampage  .   (no gloves)
Will     .....                  w - +2 pair of boots
Stlth    ++........             (no amulet)
HPRegen  0.13/turn              (no ring)
MPRegen  0.13/turn              (no ring)

@: no status effects
A: hooves 1, slimy green scales 1, foul stench 2, miasma immunity
a: no special abilities


You were on level 4 of the Dungeon.
You visited 1 branch of the dungeon, and saw 4 of its levels.

You collected 142 gold pieces.

Inventory:

Hand Weapons
 a - a +3 dagger of venom (weapon)
 o - a +3 mace
Missiles
 d - 93 stones
 f - 18 poisoned darts
 l - 18 sling bullets
 n - 24 bolts
 r - 5 boomerangs
Armour
 b - a +0 robe (worn)
 c - a +0 hat (worn)
 m - a +0 kite shield
 w - a +2 pair of boots (worn)
 B - a +0 buckler
Jewellery
 i - an uncursed ring of fire
Wands
 y - a wand of flame (19)
Scrolls
 g - 2 scrolls of blinking
 p - a scroll of magic mapping
 q - 3 scrolls of enchant weapon
 s - a scroll of fear {unknown}
 t - a scroll of amnesia {unknown}
 u - 2 scrolls of identify
 x - a scroll of teleportation {unknown}
 A - a scroll of enchant armour {unknown}
 D - a scroll of remove curse {unknown}
Potions
 e - a potion of brilliance {unknown}
 h - 5 potions of curing {unknown}
 j - a potion of heal wounds {unknown}
 k - a potion of might {unknown}
 v - a potion of attraction {unknown}
 z - 2 potions of experience {unknown}
 C - a potion of degeneration {unknown}
 E - a potion of magic {unknown}


   Skills:
 - Level 1.7 Dodging
 - Level 1.7 Stealth
 * Level 4.9 Spellcasting
 * Level 4.2 Conjurations
 - Level 1.0 Summonings
 - Level 0.8 Translocations
 * Level 1.4 Air Magic


You had 8 spell levels left.
You knew the following spells:

 Your Spells              Type           Power        Failure   Level
a - Magic Dart            Conj           76%          2%          1
b - Blink                 Tloc           N/A          14%         2
d - Mephitic Cloud        Conj/Pois/Air  11%          19%         3

Your spell library contained the following spells:

 Spells                   Type           Power        Failure   Level
 Call Imp                 Summ           8%           14%         2
 Conjure Flame            Conj/Fire      12%          17%         3
 Slow                     Hex            4%           21%         2


Dungeon Overview and Level Annotations

Branches:
Dungeon (4/15)
 Temple: D:4-7

Altars:


Innate Abilities, Weirdness & Mutations

You have large cloven feet.
You are partially covered in slimy green scales. (AC +2)
You frequently emit foul miasma when damaged in melee.
You are immune to miasma.


Message History

The orc hits you but does no damage.
The orc looks sick.
You barely miss the orc.
The orc is moderately wounded.
The orc completely misses you.
You barely miss the orc.
The orc is moderately wounded.
The orc hits you.
You barely miss the orc.
The orc is moderately wounded.
The orc hits you but does no damage.
You hit the orc but do no damage.
The orc looks as sick as possible!
The orc is heavily wounded.
The orc barely misses you.
You closely miss the orc.
The orc is severely wounded.
You kill the orc!
You see here a +0 ring mail.
Items here: )) [[ ††.
Okay, then.
Are you sure you want to abandon this character and quit the game? (Confirm with "yes".)

######## #####......
...#....# o#
####.#....# .#
#.........#### F#
#.###..###[#.## o##
#.<....# ##@#.# ..#
###..#...# #.#.## ..#
#........####.#.###..#
#.#.#.#.....####.....#
#.#.#.#.....# #.....#
#.#.#.#.....# #.†...#
#.#.#.#..............#
#.#.#.........####...#
#.#.######.##.# #...#


There were no monsters in sight!

Vanquished Creatures
  A bullfrog (D:4)
  A howler monkey (D:3)
  A bullfrog skeleton (D:4)
  2 orc wizards
  5 adders
  An ooze (D:1)
  An adder skeleton (D:4)
  A worm (D:4)
  2 dart slugs
  2 leopard geckos
  10 orcs
  3 ball pythons
  5 bats
  5 giant cockroaches
  6 goblins
  7 hobgoblins
  4 frilled lizards
  10 kobolds
  7 rats
74 creatures vanquished.

Notes
Turn   | Place    | Note
-------+----------+-------------------------------------------
     0 | D:1      | Chiseanne the Demonspawn Hedge Wizard began the quest for
                  | the Orb.
     0 | D:1      | Reached XP level 1. HP: 13/13 MP: 4/4
   179 | D:1      | You fall into a shaft and drop 1 floor!
   371 | D:2      | Gained mutation: You are immune to miasma. [demonic
                  | ancestry]
   371 | D:2      | Reached XP level 2. HP: 11/19 MP: 1/6
   498 | D:2      | You fall into a shaft and drop 1 floor!
   787 | D:3      | Gained mutation: You are partially covered in slimy green
                  | scales. (AC +2) [demonic ancestry]
   787 | D:3      | Reached XP level 3. HP: 24/24 MP: 6/8
  2338 | D:2      | You fall into a shaft and drop 2 floors!
  2448 | D:4      | Gained mutation: You may emit foul miasma when damaged in
                  | melee. [demonic ancestry]
  2448 | D:4      | Reached XP level 4. HP: 22/30 MP: 1/10
  2888 | D:3      | Gained mutation: You frequently emit foul miasma when
                  | damaged in melee. [demonic ancestry]
  2888 | D:3      | Reached XP level 5. HP: 35/35 MP: 1/11
  3083 | D:3      | Learned a level 2 spell: Blink
  3087 | D:3      | Learned a level 3 spell: Mephitic Cloud
  4421 | D:4      | Reached skill level 1 in Air Magic
  4421 | D:4      | Gained mutation: You have large cloven feet. [demonic
                  | ancestry]
  4421 | D:4      | Reached XP level 6. HP: 30/41 MP: 9/13
  4443 | D:4      | Quit the game

Illustrated notes

Levels and vault maps discovered:
D:1:      tarquinn_simple_flora_water_c, layout_basic
D:2:      layout_basic
D:3:      layout_loops_ring
D:4:      layout_basic, minmay_temple_entry_ruins, serial_shops,
          nicolae_shop_statue_plus, minivault_24, eino_tiny_chamber,
          minmay_tree_intersection, nicolae_ru_awakened_eye

Skill      XL: |  1  2  3  4  5 |
---------------+----------------+-----
Conjurations   | 2 3 4 |  4.2
Spellcasting   | 4 |  4.9
Air Magic      | 1 |  1.4
Dodging        | |  1.7
Stealth        | |  1.7
Summonings     | |  1.0
Translocations | |  0.8

Action                   |  1- 3 |  4- 6 || total
-------------------------+-------+-------++-------
Melee: Dagger            |    14 |    46 ||    60
 Cast: Magic Dart        |    96 |    69 ||   165
       Mephitic Cloud    |       |     1 ||     1
  Use: Potion            |     1 |       ||     1
       Scroll            |     4 |       ||     4
 Stab: Sleeping          |     1 |       ||     1
Armor: Robe              |     2 |    17 ||    19
Dodge: Dodged            |    18 |    32 ||    50
